Atomiques vs High Goats
Created - 8 février 2014 at 19:08
Goals
|
| Atomiques |
2 |
2 |
0 |
1 |
5 |
| High Goats |
1 |
1 |
2 |
0 |
4 |
|
Shots
|
| Atomiques |
12 |
12 |
9 |
1 |
34 |
| High Goats |
10 |
13 |
12 |
0 |
35 |
|
1st period
1. Atomiques , Brandon Dubinsky 40 (Luke Schenn) at 2:03
2. High Goats , Anton Stralman 8 (Jiri Tlusty, Chris Stewart) at 9:19 (PP)
3. Atomiques , Drew Larman 3 (Ryan Shannon, Brad Winchester) at 18:27
Penalties :
Alexandre Daigle (STB) for Hooking (Minor) at 8:23, Matt Taormina (Buc) for Roughing (Minor) at 12:41
2nd period
4. Atomiques , Brett Sutter 6 (John Zeiler) at 2:33
5. Atomiques , Kenndal McArdle 6 (Mattias Ohlund, Brad Winchester) at 3:23
6. High Goats , Pavel Brendl 34 (Thomas Hickey) at 6:55 (PP)
Penalties :
Brett Sutter (STB) for Hooking (Minor) at 5:43, Brendon Nash (STB) for Holding (Minor) at 11:45, Luke Schenn (STB) for Tripping (Minor) at 14:05, Linus Omark (STB) for Interference (Minor) at 17:30
3rd period
7. High Goats , Drayson Bowman 6 (Gord Baldwin, Joshua Bailey) at 12:01
8. High Goats , Pavel Brendl 35 (Anton Stralman, Chris Stewart) at 17:51 (SH)
Penalties :
Jiri Tlusty (Buc) for Interference (Minor) at 2:14, Nick Bonino (Buc) for Roughing (Minor) at 17:35
Overtime #1
9. Atomiques , Alexandre Daigle 32 (Brandon Dubinsky, John Carlson) at 0:10
Penalties :
No Penalty
Goalie Stats
Andrew Raycroft (STB), 31 saves from 35 shots - (0,886), W, 13-13-5, 60:10 minutes
Keith Kinkaid (Buc), 12 saves from 16 shots - (0,750), 23:23 minutes
Thomas McCollum (Buc), 17 saves from 18 shots - (0,944), OTL, 4-10-3, 36:47 minutes
Players Stats for Atomiques
Player Name G A P +/- PIM S H SB GA TA FO MP PP MP PK MP
------------------------------------------------------------------------------------
Alexandre Daigle 1 0 1 0 2 5 1 0 3 0 0/0 22:03 3:11 4:01
Andrew Kozek 0 0 0 0 0 1 1 0 1 0 0/0 10:12 0:00 2:39
Anthony Nigro 0 0 0 0 0 0 0 0 0 0 1/5 7:13 0:00 0:00
Brad Winchester 0 2 2 1 0 2 0 0 1 0 0/1 16:09 2:38 0:53
Brandon Dubinsky 1 1 2 0 0 2 0 0 0 0 17/35 23:08 3:11 5:07
Brendon Nash 0 0 0 1 2 1 0 1 0 1 0/0 20:49 2:17 2:38
Brett Sutter 1 0 1 2 2 2 0 0 0 0 3/4 11:12 0:00 0:05
Casey Borer 0 0 0 0 0 0 0 2 0 1 0/0 11:48 0:00 0:29
Drew Larman 1 0 1 1 0 1 1 0 0 0 6/11 17:22 2:38 2:07
Janne Niinimaa 0 0 0 0 0 0 0 1 0 1 0/0 12:19 0:00 1:00
John Carlson 0 1 1 0 0 3 1 1 0 2 0/0 25:19 3:40 4:43
John Zeiler 0 1 1 2 0 2 1 0 0 2 0/0 11:06 0:00 0:00
Kenndal McArdle 1 0 1 2 0 5 1 0 0 0 0/0 11:33 0:08 0:00
Linus Omark 0 0 0 -1 2 3 3 1 0 1 0/1 18:57 3:14 1:18
Luke Schenn 0 1 1 3 2 0 5 1 0 2 0/0 22:50 2:17 2:37
Mattias Ohlund 0 1 1 2 0 3 2 0 2 1 0/0 27:18 3:40 4:43
Nick Johnson 0 0 0 0 0 2 1 1 0 0 0/0 7:57 0:13 0:00
Ryan Shannon 0 1 1 1 0 2 2 0 0 0 0/0 15:15 2:38 0:00
Players Stats for High Goats
Player Name G A P +/- PIM S H SB GA TA FO MP PP MP PK MP
------------------------------------------------------------------------------------
Anton Stralman 1 1 2 -1 0 4 4 2 1 2 0/0 29:51 4:35 3:30
Arturs Kulda 0 0 0 0 0 0 1 2 0 0 0/0 10:08 0:00 0:00
Brandon Bollig 0 0 0 -1 0 1 3 1 1 0 0/0 11:02 0:08 0:00
Chris Stewart 0 2 2 -2 0 8 1 1 2 0 0/0 23:48 4:46 3:21
Dana Tyrell 0 0 0 -1 0 1 3 1 0 0 3/4 12:40 0:00 1:34
Derek Grant 0 0 0 -1 0 0 1 0 0 0 1/2 8:21 0:00 1:02
Drayson Bowman 1 0 1 1 0 2 3 0 0 1 0/0 15:06 3:17 0:00
Gord Baldwin 0 1 1 -2 0 1 1 0 1 0 0/0 16:25 0:00 2:27
Jason Ryznar 0 0 0 -1 0 0 0 1 1 0 0/0 8:19 0:06 1:02
Jiri Tlusty 0 1 1 -2 2 3 0 0 1 0 1/1 21:03 4:42 0:00
Jonathan Tremblay 0 0 0 -1 0 1 1 1 0 0 0/0 9:18 0:00 1:34
Joshua Bailey 0 1 1 1 0 2 2 0 0 0 4/13 14:36 3:17 0:00
Matt Frattin 0 0 0 -1 0 0 1 0 3 0 0/0 10:33 0:00 0:00
Matt Irwin 0 0 0 -1 0 0 1 0 1 3 0/0 29:50 4:35 3:30
Matt Taormina 0 0 0 -2 2 1 1 0 0 0 0/0 19:32 3:30 1:48
Nick Bonino 0 0 0 -3 2 5 0 0 0 0 19/33 20:47 4:42 0:00
Pavel Brendl 2 0 2 2 0 6 2 0 0 0 2/4 18:15 3:17 3:21
Thomas Hickey 0 1 1 0 0 0 0 1 0 1 0/0 15:06 3:30 0:39
3 Stars
1 - Pavel Brendl (Buc)
2 - Anton Stralman (Buc)
3 - Kenndal McArdle (STB)
Power Play
Atomiques - 0 on 3 Attempt(s) - 0,00%
High Goats - 2 on 5 Attempt(s) - 40,00%
Penalty Kill
Atomiques - 3 on 5 Attempt(s) - 60,00%
- Score 0 goal in Penalty Kill
High Goats - 3 on 3 Attempt(s) - 100,00%
- Score 1 goal in Penalty Kill
Official
Referees : VanMassenhoven Don and Kimmerly Greg
Linesman : Thor Nelson and Shane Heyer
Game Notes
Thomas McCollum enters game at 3:23 of 2nd period
Finance
Level 1 -- Attendance: 1294 (64,70%) -- Ticket Income 45 290 $
Level 2 -- Attendance: 643 (64,30%) -- Ticket Income 9 645 $
Total Attendance: 1937 (64,57%)
Total Ticket Income: 54 935 $
Other Income: 2 747 $
Total Income: 57 682 $
Atomiques
5 vs 5 Forward
Center Left Wing Right Wing Time % Phy DF OF
1 Brandon Dubinsky Linus Omark Alexandre Daigle 40 1 2 2
2 Drew Larman Brad Winchester Ryan Shannon 30 1 2 2
3 Brett Sutter Kenndal McArdle John Zeiler 20 1 2 2
4 Anthony Nigro Andrew Kozek Nick Johnson 10 1 2 2
5 vs 5 Defense
Defense Defense Time % Phy DF OF
1 Mattias Ohlund Luke Schenn 40 1 2 2
2 John Carlson Brendon Nash 30 1 2 2
3 Casey Borer Janne Niinimaa 20 1 2 2
4 Mattias Ohlund John Carlson 10 1 2 2
PowerPlay Forward
Center Left Wing Right Wing Time % Phy DF OF
1 Brandon Dubinsky Linus Omark Alexandre Daigle 60 1 2 2
2 Drew Larman Brad Winchester Ryan Shannon 40 1 2 2
PowerPlay Defense
Defense Defense Time % Phy DF OF
1 Mattias Ohlund John Carlson 60 1 2 2
2 Luke Schenn Brendon Nash 40 1 2 2
Penalty Kill 4 Players Forward
Center Wing Time % Phy DF OF
1 Brandon Dubinsky Alexandre Daigle 60 1 2 2
2 Drew Larman Linus Omark 40 1 2 2
Penalty Kill 4 Players Defense
Defense Defense Time % Phy DF OF
1 Mattias Ohlund John Carlson 60 1 2 2
2 Luke Schenn Brendon Nash 40 1 2 2
Penalty Kill - 3 Players Forward
Forward Time % Phy DF OF
1 Brad Winchester 60 1 2 2
2 Alexandre Daigle 40 1 2 2
Penalty Kill - 3 Players Defense
Defense Defense Time % Phy DF OF
1 Mattias Ohlund John Carlson 60 1 2 2
2 Luke Schenn Brendon Nash 40 1 2 2
4 vs 4 Forward
Center Wing Time % Phy DF OF
1 Brandon Dubinsky Alexandre Daigle 60 1 2 2
2 Drew Larman Linus Omark 40 1 2 2
4 vs 4 Defense
Defense Defense Time % Phy DF OF
1 Mattias Ohlund John Carlson 60 1 2 2
2 Luke Schenn Brendon Nash 40 1 2 2
Last Minutes Offensive
Center Left Wing Right Wing Defense Defense
Brandon Dubinsky Brad Winchester Alexandre Daigle Mattias Ohlund John Carlson
Last Minutes Defensive
Center Left Wing Right Wing Defense Defense
Brandon Dubinsky Brad Winchester Alexandre Daigle Mattias Ohlund John Carlson
Goaltenders
Starting : Andrew Raycroft
Backup : Curtis McElhinney
Extra Forwards
Normal : Nick Johnson, Kenndal McArdle, Andrew Kozek - PP : Nick Johnson, Kenndal McArdle - PK : Andrew Kozek
Extra Defensemen
Normal : Luke Schenn, Brendon Nash, Janne Niinimaa - PP : Luke Schenn - PK : Brendon Nash, Janne Niinimaa
Penalty Shots
Brad Winchester, Alexandre Daigle, Ryan Shannon, John Zeiler, Linus Omark
High Goats
5 vs 5 Forward
Center Left Wing Right Wing Time % Phy DF OF
1 Nick Bonino Jiri Tlusty Chris Stewart 40 1 2 2
2 Joshua Bailey Drayson Bowman Pavel Brendl 30 1 2 2
3 Dana Tyrell Brandon Bollig Matt Frattin 20 1 2 2
4 Derek Grant Jason Ryznar Jonathan Tremblay 10 1 2 2
5 vs 5 Defense
Defense Defense Time % Phy DF OF
1 Anton Stralman Matt Irwin 40 1 2 2
2 Matt Taormina Gord Baldwin 30 1 2 2
3 Arturs Kulda Thomas Hickey 20 1 2 2
4 Anton Stralman Matt Irwin 10 1 2 2
PowerPlay Forward
Center Left Wing Right Wing Time % Phy DF OF
1 Nick Bonino Jiri Tlusty Chris Stewart 60 1 2 2
2 Joshua Bailey Drayson Bowman Pavel Brendl 40 1 2 2
PowerPlay Defense
Defense Defense Time % Phy DF OF
1 Anton Stralman Matt Irwin 60 1 2 2
2 Matt Taormina Thomas Hickey 40 1 2 2
Penalty Kill 4 Players Forward
Center Wing Time % Phy DF OF
1 Pavel Brendl Chris Stewart 60 1 2 2
2 Dana Tyrell Jonathan Tremblay 40 1 2 2
Penalty Kill 4 Players Defense
Defense Defense Time % Phy DF OF
1 Anton Stralman Matt Irwin 60 1 2 2
2 Matt Taormina Gord Baldwin 40 1 2 2
Penalty Kill - 3 Players Forward
Forward Time % Phy DF OF
1 Chris Stewart 60 1 2 2
2 Dana Tyrell 40 1 2 2
Penalty Kill - 3 Players Defense
Defense Defense Time % Phy DF OF
1 Anton Stralman Matt Irwin 60 1 2 2
2 Matt Taormina Gord Baldwin 40 1 2 2
4 vs 4 Forward
Center Wing Time % Phy DF OF
1 Nick Bonino Chris Stewart 60 1 2 2
2 Joshua Bailey Pavel Brendl 40 1 2 2
4 vs 4 Defense
Defense Defense Time % Phy DF OF
1 Anton Stralman Matt Irwin 60 1 2 2
2 Matt Taormina Gord Baldwin 40 1 2 2
Last Minutes Offensive
Center Left Wing Right Wing Defense Defense
Nick Bonino Jiri Tlusty Chris Stewart Anton Stralman Matt Irwin
Last Minutes Defensive
Center Left Wing Right Wing Defense Defense
Nick Bonino Jiri Tlusty Chris Stewart Anton Stralman Matt Irwin
Goaltenders
Starting : Keith Kinkaid
Backup : Thomas McCollum
Extra Forwards
Normal : Brandon Bollig, Drayson Bowman, Derek Grant - PP : Brandon Bollig, Drayson Bowman - PK : Derek Grant
Extra Defensemen
Normal : Arturs Kulda, Thomas Hickey, Matt Taormina - PP : Arturs Kulda - PK : Thomas Hickey, Matt Taormina
Penalty Shots
Pavel Brendl, Chris Stewart, Jonathan Tremblay, Joshua Bailey, Jason Ryznar
% Time on Ice - Atomiques
Lines # - Real PCT - Wanted PCT - Time Play
Normal Forward
1 - 33% - 40% - 15:02
2 - 27% - 30% - 12:37
3 - 24% - 20% - 11:06
4 - 16% - 10% - 7:13
Normal Defense
1 - 37% - 40% - 17:01
2 - 34% - 30% - 15:36
3 - 25% - 20% - 11:19
4 - 4% - 10% - 2:02
PP Forward
1 - 56% - 60% - 3:19
2 - 44% - 40% - 2:38
PP Defense
1 - 62% - 60% - 3:40
2 - 38% - 40% - 2:17
PK Forward
1 - 74% - 60% - 5:58
2 - 26% - 40% - 2:07
PK Defense
1 - 58% - 60% - 4:43
2 - 42% - 40% - 3:22
PK3 Forward
1 - 0% - 60%
2 - 0% - 40%
PK3 Defense
1 - 0% - 60%
2 - 0% - 40%
44 Forward
1 - 100% - 60% - 0:10
2 - 0% - 40% - 0:00
44 Defense
1 - 100% - 60% - 0:10
2 - 0% - 40% - 0:00
Last Minute Offensive - 0:00
Last Minute Defensive - 0:00
Total
Forward - 60:10
Defense - 60:10
|
% Time on Ice - High Goats
Lines # - Real PCT - Wanted PCT - Time Play
Normal Forward
1 - 36% - 40% - 16:22
2 - 26% - 30% - 11:52
3 - 23% - 20% - 10:33
4 - 16% - 10% - 7:11
Normal Defense
1 - 42% - 40% - 19:30
2 - 31% - 30% - 14:15
3 - 22% - 20% - 10:08
4 - 5% - 10% - 2:05
PP Forward
1 - 59% - 60% - 4:48
2 - 41% - 40% - 3:17
PP Defense
1 - 57% - 60% - 4:35
2 - 43% - 40% - 3:30
PK Forward
1 - 74% - 60% - 4:23
2 - 26% - 40% - 1:34
PK Defense
1 - 59% - 60% - 3:30
2 - 41% - 40% - 2:27
PK3 Forward
1 - 0% - 60%
2 - 0% - 40%
PK3 Defense
1 - 0% - 60%
2 - 0% - 40%
44 Forward
1 - 100% - 60% - 0:10
2 - 0% - 40% - 0:00
44 Defense
1 - 100% - 60% - 0:10
2 - 0% - 40% - 0:00
Last Minute Offensive - 0:00
Last Minute Defensive - 0:00
Total
Forward - 60:10
Defense - 60:10
|
Play by Play
1st period
0:01 of 1st period - Nick Bonino wins face-off versus Brandon Dubinsky in neutral zone.
0:04 of 1st period - Wrist shot by Chris Stewart.
0:04 of 1st period - Shot Misses the Net.
0:06 of 1st period - Slapshot by Anton Stralman.
0:06 of 1st period - Shot Misses the Net.
0:12 of 1st period - Slapshot by Chris Stewart.
0:12 of 1st period - Stopped by Andrew Raycroft without a rebound.
0:13 of 1st period - Drew Larman wins face-off versus Joshua Bailey in Atomiques zone.
0:13 of 1st period - Drew Larman is hit by Drayson Bowman.
0:39 of 1st period - Kenndal McArdle is hit by Gord Baldwin and loses puck.
0:52 of 1st period - Kenndal McArdle is hit by Brandon Bollig and loses puck.
1:29 of 1st period - Off-side.
1:30 of 1st period - Joshua Bailey wins face-off versus Brad Winchester in neutral zone.
2:03 of 1st period - Slapshot by Brandon Dubinsky.
2:03 of 1st period - Goal by Brandon Dubinsky - Atomiques : 1 - High Goats : 0.
2:04 of 1st period - Brandon Dubinsky wins face-off versus Nick Bonino in neutral zone.
2:50 of 1st period - John Carlson is hit by Anton Stralman and loses puck.
2:57 of 1st period - Matt Irwin is hit by Mattias Ohlund and loses puck.
3:08 of 1st period - Slapshot by Brandon Dubinsky.
3:08 of 1st period - Stopped by Keith Kinkaid without a rebound.
3:09 of 1st period - Nick Bonino wins face-off versus Brandon Dubinsky in High Goats zone.
3:34 of 1st period - Wrist shot by Nick Johnson.
3:34 of 1st period - Stopped by Keith Kinkaid without a rebound.
3:35 of 1st period - Derek Grant wins face-off versus Anthony Nigro in High Goats zone.
3:35 of 1st period - Derek Grant is hit by Andrew Kozek.
3:44 of 1st period - Wrist shot by Nick Johnson.
3:44 of 1st period - Stopped by Keith Kinkaid with a rebound.
3:46 of 1st period - Wrist shot by Nick Johnson.
3:46 of 1st period - Shot Blocked by Arturs Kulda.
3:48 of 1st period - Slapshot by Luke Schenn.
3:48 of 1st period - Shot Blocked by Jason Ryznar.
3:50 of 1st period - Slapshot by Mattias Ohlund.
3:50 of 1st period - Shot Blocked by Jonathan Tremblay.
4:00 of 1st period - Snap shot by Ryan Shannon.
4:00 of 1st period - Shot Blocked by Thomas Hickey.
5:19 of 1st period - Jiri Tlusty is hit by Mattias Ohlund and loses puck.
6:06 of 1st period - Mattias Ohlund is hit by Brandon Bollig and loses puck.
6:30 of 1st period - Wrist shot by Jiri Tlusty.
6:30 of 1st period - Stopped by Andrew Raycroft without a rebound.
6:31 of 1st period - Joshua Bailey wins face-off versus Brandon Dubinsky in Atomiques zone.
6:42 of 1st period - Snap shot by Pavel Brendl.
6:42 of 1st period - Stopped by Andrew Raycroft without a rebound.
6:43 of 1st period - Nick Bonino wins face-off versus Brandon Dubinsky in Atomiques zone.
7:54 of 1st period - Wrist shot by Andrew Kozek.
7:54 of 1st period - Stopped by Keith Kinkaid with a rebound.
7:56 of 1st period - Snap shot by Mattias Ohlund.
7:56 of 1st period - Stopped by Keith Kinkaid with a rebound.
8:12 of 1st period - Snap shot by Alexandre Daigle.
8:12 of 1st period - Deflect By Nick Bonino.
8:12 of 1st period - Stopped by Keith Kinkaid without a rebound.
8:13 of 1st period - Nick Bonino wins face-off versus Brandon Dubinsky in High Goats zone.
8:23 of 1st period - Minor Penalty to Alexandre Daigle for Hooking.
8:24 of 1st period - Nick Bonino wins face-off versus Brandon Dubinsky in Atomiques zone.
8:29 of 1st period - Off-side.
8:30 of 1st period - Brandon Dubinsky wins face-off versus Nick Bonino in neutral zone.
8:35 of 1st period - Wrist shot by Brandon Dubinsky.
8:35 of 1st period - Shot Blocked by Anton Stralman.
8:59 of 1st period - Icing by Pavel Brendl.
9:00 of 1st period - Brandon Dubinsky wins face-off versus Joshua Bailey in High Goats zone.
9:17 of 1st period - Slapshot by Anton Stralman.
9:17 of 1st period - Shot Misses the Net.
9:19 of 1st period - Snap shot by Anton Stralman.
9:19 of 1st period - Goal by Anton Stralman - Atomiques : 1 - High Goats : 1.
9:20 of 1st period - Nick Bonino wins face-off versus Drew Larman in neutral zone.
10:38 of 1st period - Snap shot by Andrew Kozek.
10:38 of 1st period - Shot Misses the Net.
10:54 of 1st period - Snap shot by Chris Stewart.
10:54 of 1st period - Stopped by Andrew Raycroft with a rebound.
11:44 of 1st period - Snap shot by Brett Sutter.
11:44 of 1st period - Shot Blocked by Arturs Kulda.
12:00 of 1st period - Slapshot by Gord Baldwin.
12:00 of 1st period - Stopped by Andrew Raycroft without a rebound.
12:01 of 1st period - Nick Bonino wins face-off versus Drew Larman in Atomiques zone.
12:39 of 1st period - Snap shot by Brad Winchester.
12:39 of 1st period - Shot Misses the Net.
12:41 of 1st period - Minor Penalty to Matt Taormina for Roughing.
12:42 of 1st period - Brandon Dubinsky wins face-off versus Pavel Brendl in High Goats zone.
13:54 of 1st period - Drew Larman is hit by Pavel Brendl and loses puck.
14:41 of 1st period - Penalty to Matt Taormina is over, Matt Taormina is back on ice.
15:03 of 1st period - Snap shot by Jonathan Tremblay.
15:03 of 1st period - Shot Misses the Net.
15:05 of 1st period - Backhand shot by Dana Tyrell.
15:05 of 1st period - Shot Misses the Net.
15:07 of 1st period - Slapshot by Gord Baldwin.
15:07 of 1st period - Shot Misses the Net.
15:09 of 1st period - Wrist shot by Dana Tyrell.
15:09 of 1st period - Stopped by Andrew Raycroft with a rebound.
15:13 of 1st period - Slapshot by Jonathan Tremblay.
15:13 of 1st period - Stopped by Andrew Raycroft without a rebound.
15:14 of 1st period - Nick Bonino wins face-off versus Anthony Nigro in Atomiques zone.
16:03 of 1st period - Slapshot by Anton Stralman.
16:03 of 1st period - Stopped by Andrew Raycroft with a rebound.
16:33 of 1st period - Luke Schenn is hit by Joshua Bailey and loses puck.
17:21 of 1st period - Brad Winchester is hit by Arturs Kulda and loses puck.
17:36 of 1st period - Chris Stewart is hit by Alexandre Daigle and loses puck.
18:17 of 1st period - Snap shot by Brad Winchester.
18:17 of 1st period - Stopped by Keith Kinkaid without a rebound.
18:18 of 1st period - Drew Larman wins face-off versus Derek Grant in High Goats zone.
18:25 of 1st period - Backhand shot by Ryan Shannon.
18:25 of 1st period - Stopped by Keith Kinkaid with a rebound.
18:27 of 1st period - Wrist shot by Ryan Shannon.
18:27 of 1st period - Deflect By Drew Larman.
18:27 of 1st period - Goal by Drew Larman - Atomiques : 2 - High Goats : 1.
18:28 of 1st period - Nick Bonino wins face-off versus Brandon Dubinsky in neutral zone.
18:44 of 1st period - Snap shot by Nick Bonino.
18:44 of 1st period - Stopped by Andrew Raycroft with a rebound.
19:22 of 1st period - Wrist shot by Kenndal McArdle.
19:22 of 1st period - Stopped by Keith Kinkaid with a rebound.
19:24 of 1st period - Wrist shot by John Zeiler.
19:24 of 1st period - Deflect By Kenndal McArdle.
19:24 of 1st period - Stopped by Keith Kinkaid with a rebound.
Goals for this period are 2 for Atomiques vs 1 for High Goats.
Shots for this period are 12 for Atomiques vs 10 for High Goats.
2nd period
0:01 of 2nd period - Nick Bonino wins face-off versus Brandon Dubinsky in neutral zone.
0:12 of 2nd period - Snap shot by Nick Bonino.
0:12 of 2nd period - Stopped by Andrew Raycroft with a rebound.
0:26 of 2nd period - Ryan Shannon is hit by Joshua Bailey and loses puck.
0:37 of 2nd period - Slapshot by Mattias Ohlund.
0:37 of 2nd period - Stopped by Keith Kinkaid with a rebound.
0:49 of 2nd period - Snap shot by Anton Stralman.
0:49 of 2nd period - Stopped by Andrew Raycroft with a rebound.
2:23 of 2nd period - Wrist shot by Mattias Ohlund.
2:23 of 2nd period - Deflect By Pavel Brendl.
2:23 of 2nd period - Stopped by Keith Kinkaid without a rebound.
2:24 of 2nd period - Brett Sutter wins face-off versus Nick Bonino in High Goats zone.
2:27 of 2nd period - Snap shot by Kenndal McArdle.
2:27 of 2nd period - Shot Misses the Net.
2:33 of 2nd period - Snap shot by Brett Sutter.
2:33 of 2nd period - Goal by Brett Sutter - Atomiques : 3 - High Goats : 1.
2:34 of 2nd period - Brandon Dubinsky wins face-off versus Nick Bonino in neutral zone.
3:23 of 2nd period - Wrist shot by Kenndal McArdle.
3:23 of 2nd period - Goal by Kenndal McArdle - Atomiques : 4 - High Goats : 1.
3:23 of 2nd period - Thomas McCollum enters game.
3:24 of 2nd period - Brandon Dubinsky wins face-off versus Nick Bonino in neutral zone.
3:36 of 2nd period - Slapshot by Linus Omark.
3:36 of 2nd period - Stopped by Thomas McCollum with a rebound.
3:42 of 2nd period - Chris Stewart is hit by Linus Omark and loses puck.
4:15 of 2nd period - Brett Sutter is hit by Dana Tyrell and loses puck.
4:22 of 2nd period - Slapshot by Mattias Ohlund.
4:22 of 2nd period - Deflect By Brett Sutter.
4:22 of 2nd period - Stopped by Thomas McCollum with a rebound.
4:55 of 2nd period - Wrist shot by Linus Omark.
4:55 of 2nd period - Stopped by Thomas McCollum with a rebound.
4:57 of 2nd period - Wrist shot by Linus Omark.
4:57 of 2nd period - Stopped by Thomas McCollum with a rebound.
4:59 of 2nd period - Wrist shot by Brandon Dubinsky.
4:59 of 2nd period - Shot Misses the Net.
5:01 of 2nd period - Wrist shot by Casey Borer.
5:01 of 2nd period - Shot Misses the Net.
5:31 of 2nd period - Dana Tyrell is hit by Luke Schenn and loses puck.
5:36 of 2nd period - Wrist shot by John Zeiler.
5:36 of 2nd period - Shot Misses the Net.
5:43 of 2nd period - Minor Penalty to Brett Sutter for Hooking.
5:44 of 2nd period - Brandon Dubinsky wins face-off versus Nick Bonino in Atomiques zone.
5:49 of 2nd period - Icing by Anton Stralman.
5:50 of 2nd period - Nick Bonino wins face-off versus Brandon Dubinsky in High Goats zone.
6:02 of 2nd period - Wrist shot by Brandon Dubinsky.
6:02 of 2nd period - Shot Blocked by Chris Stewart.
6:26 of 2nd period - Wrist shot by Anton Stralman.
6:26 of 2nd period - Stopped by Andrew Raycroft without a rebound.
6:27 of 2nd period - Drew Larman wins face-off versus Joshua Bailey in Atomiques zone.
6:50 of 2nd period - Alexandre Daigle is hit by Drayson Bowman and loses puck.
6:55 of 2nd period - Snap shot by Pavel Brendl.
6:55 of 2nd period - Goal by Pavel Brendl - Atomiques : 4 - High Goats : 2.
6:56 of 2nd period - Nick Bonino wins face-off versus Linus Omark in neutral zone.
7:21 of 2nd period - Luke Schenn is hit by Matt Irwin and loses puck.
7:45 of 2nd period - Pavel Brendl is hit by Ryan Shannon and loses puck.
9:59 of 2nd period - Dana Tyrell is hit by Nick Johnson and loses puck.
10:10 of 2nd period - Anton Stralman is hit by Linus Omark and loses puck.
10:36 of 2nd period - Wrist shot by Kenndal McArdle.
10:36 of 2nd period - Stopped by Thomas McCollum without a rebound.
10:37 of 2nd period - Brett Sutter wins face-off versus Nick Bonino in High Goats zone.
10:54 of 2nd period - Chris Stewart is hit by Luke Schenn and loses puck.
11:13 of 2nd period - Snap shot by Chris Stewart.
11:13 of 2nd period - Stopped by Andrew Raycroft with a rebound.
11:15 of 2nd period - Slapshot by Nick Bonino.
11:15 of 2nd period - Shot Blocked by Casey Borer.
11:17 of 2nd period - Slapshot by Nick Bonino.
11:17 of 2nd period - Shot Misses the Net.
11:19 of 2nd period - Wrist shot by Jiri Tlusty.
11:19 of 2nd period - Stopped by Andrew Raycroft with a rebound.
11:21 of 2nd period - Wrist shot by Jiri Tlusty.
11:21 of 2nd period - Stopped by Andrew Raycroft with a rebound.
11:23 of 2nd period - Wrist shot by Chris Stewart.
11:23 of 2nd period - Deflect By Nick Bonino.
11:23 of 2nd period - Shot Blocked by Janne Niinimaa.
11:23 of 2nd period - Puck is out of play.
11:24 of 2nd period - Brandon Dubinsky wins face-off versus Joshua Bailey in Atomiques zone.
11:35 of 2nd period - Snap shot by Joshua Bailey.
11:35 of 2nd period - Stopped by Andrew Raycroft with a rebound.
11:37 of 2nd period - Snap shot by Drayson Bowman.
11:37 of 2nd period - Stopped by Andrew Raycroft with a rebound.
11:39 of 2nd period - Wrist shot by Drayson Bowman.
11:39 of 2nd period - Shot Misses the Net.
11:45 of 2nd period - Minor Penalty to Brendon Nash for Holding.
11:46 of 2nd period - Nick Bonino wins face-off versus Brandon Dubinsky in Atomiques zone.
11:51 of 2nd period - Slapshot by Nick Bonino.
11:51 of 2nd period - Stopped by Andrew Raycroft without a rebound.
11:52 of 2nd period - Nick Bonino wins face-off versus Brandon Dubinsky in Atomiques zone.
12:05 of 2nd period - Wrist shot by Chris Stewart.
12:05 of 2nd period - Shot Misses the Net.
12:07 of 2nd period - Slapshot by Anton Stralman.
12:07 of 2nd period - Deflect By Nick Bonino.
12:07 of 2nd period - Shot Misses the Net.
12:07 of 2nd period - Puck is out of play.
12:08 of 2nd period - Nick Bonino wins face-off versus Brandon Dubinsky in Atomiques zone.
13:41 of 2nd period - Slapshot by Matt Taormina.
13:41 of 2nd period - Stopped by Andrew Raycroft with a rebound.
13:43 of 2nd period - Wrist shot by Chris Stewart.
13:43 of 2nd period - Shot Misses the Net.
13:45 of 2nd period - Penalty to Brendon Nash is over, Brendon Nash is back on ice.
13:45 of 2nd period - Snap shot by Chris Stewart.
13:45 of 2nd period - Stopped by Andrew Raycroft without a rebound.
13:46 of 2nd period - Brett Sutter wins face-off versus Joshua Bailey in Atomiques zone.
14:01 of 2nd period - Snap shot by Pavel Brendl.
14:01 of 2nd period - Stopped by Andrew Raycroft without a rebound.
14:02 of 2nd period - Dana Tyrell wins face-off versus Brandon Dubinsky in Atomiques zone.
14:03 of 2nd period - Slapshot by Anton Stralman.
14:03 of 2nd period - Shot Blocked by Linus Omark.
14:05 of 2nd period - Minor Penalty to Luke Schenn for Tripping.
14:06 of 2nd period - Brandon Dubinsky wins face-off versus Joshua Bailey in Atomiques zone.
15:43 of 2nd period - Joshua Bailey is hit by John Carlson.
16:05 of 2nd period - Penalty to Luke Schenn is over, Luke Schenn is back on ice.
16:48 of 2nd period - Off-side.
16:49 of 2nd period - Anthony Nigro wins face-off versus Dana Tyrell in neutral zone.
17:02 of 2nd period - Snap shot by Mattias Ohlund.
17:02 of 2nd period - Shot Blocked by Brandon Bollig.
17:04 of 2nd period - Snap shot by Brendon Nash.
17:04 of 2nd period - Stopped by Thomas McCollum with a rebound.
17:30 of 2nd period - Minor Penalty to Linus Omark for Interference.
17:31 of 2nd period - Brandon Dubinsky wins face-off versus Nick Bonino in Atomiques zone.
18:14 of 2nd period - Matt Taormina is hit by Luke Schenn and loses puck.
19:30 of 2nd period - Penalty to Linus Omark is over, Linus Omark is back on ice.
19:43 of 2nd period - Wrist shot by John Zeiler.
19:43 of 2nd period - Stopped by Thomas McCollum with a rebound.
19:45 of 2nd period - Slapshot by Kenndal McArdle.
19:45 of 2nd period - Stopped by Thomas McCollum without a rebound.
19:46 of 2nd period - Dana Tyrell wins face-off versus Drew Larman in High Goats zone.
19:57 of 2nd period - Ryan Shannon is hit by Dana Tyrell and loses puck.
Goals for this period are 2 for Atomiques vs 1 for High Goats.
Shots for this period are 12 for Atomiques vs 13 for High Goats.
3rd period
0:01 of 3rd period - Brandon Dubinsky wins face-off versus Nick Bonino in neutral zone.
0:06 of 3rd period - Snap shot by Alexandre Daigle.
0:06 of 3rd period - Stopped by Thomas McCollum with a rebound.
0:26 of 3rd period - Mattias Ohlund is hit by Matt Frattin and loses puck.
0:33 of 3rd period - Wrist shot by Matt Frattin.
0:33 of 3rd period - Deflect By Brandon Bollig.
0:33 of 3rd period - Stopped by Andrew Raycroft without a rebound.
0:34 of 3rd period - Drew Larman wins face-off versus Nick Bonino in Atomiques zone.
0:39 of 3rd period - Slapshot by John Carlson.
0:39 of 3rd period - Stopped by Thomas McCollum without a rebound.
0:40 of 3rd period - Nick Bonino wins face-off versus Drew Larman in High Goats zone.
0:45 of 3rd period - Snap shot by Brad Winchester.
0:45 of 3rd period - Stopped by Thomas McCollum with a rebound.
0:47 of 3rd period - Slapshot by Ryan Shannon.
0:47 of 3rd period - Shot Blocked by Anton Stralman.
1:03 of 3rd period - Brendon Nash is hit by Chris Stewart and loses puck.
1:09 of 3rd period - Off-side.
1:10 of 3rd period - Brandon Dubinsky wins face-off versus Joshua Bailey in neutral zone.
2:14 of 3rd period - Minor Penalty to Jiri Tlusty for Interference.
2:15 of 3rd period - Pavel Brendl wins face-off versus Brandon Dubinsky in High Goats zone.
2:41 of 3rd period - Chris Stewart is hit by Ryan Shannon and loses puck.
3:50 of 3rd period - Drew Larman is hit by Jonathan Tremblay and loses puck.
4:14 of 3rd period - Penalty to Jiri Tlusty is over, Jiri Tlusty is back on ice.
4:53 of 3rd period - Snap shot by Matt Frattin.
4:53 of 3rd period - Shot Blocked by Casey Borer.
5:34 of 3rd period - Wrist shot by Matt Irwin.
5:34 of 3rd period - Deflect By Nick Bonino.
5:34 of 3rd period - Shot Misses the Net.
5:34 of 3rd period - Puck is out of play.
5:35 of 3rd period - Jiri Tlusty wins face-off versus Anthony Nigro in Atomiques zone.
5:36 of 3rd period - Wrist shot by Nick Bonino.
5:36 of 3rd period - Shot Misses the Net.
5:38 of 3rd period - Slapshot by Drayson Bowman.
5:38 of 3rd period - Shot Blocked by Nick Johnson.
5:46 of 3rd period - Slapshot by Nick Bonino.
5:46 of 3rd period - Shot Blocked by Luke Schenn.
5:48 of 3rd period - Slapshot by Matt Irwin.
5:48 of 3rd period - Shot Misses the Net.
6:04 of 3rd period - Snap shot by Alexandre Daigle.
6:04 of 3rd period - Stopped by Thomas McCollum with a rebound.
6:44 of 3rd period - Brett Sutter is hit by Anton Stralman.
7:27 of 3rd period - Backhand shot by John Carlson.
7:27 of 3rd period - Stopped by Thomas McCollum without a rebound.
7:28 of 3rd period - Drew Larman wins face-off versus Joshua Bailey in High Goats zone.
7:35 of 3rd period - Wrist shot by Ryan Shannon.
7:35 of 3rd period - Stopped by Thomas McCollum with a rebound.
8:01 of 3rd period - Snap shot by Chris Stewart.
8:01 of 3rd period - Shot Blocked by Brendon Nash.
8:15 of 3rd period - Janne Niinimaa is hit by Dana Tyrell and loses puck.
8:32 of 3rd period - Brandon Bollig is hit by John Zeiler and loses puck.
9:32 of 3rd period - Snap shot by Chris Stewart.
9:32 of 3rd period - Stopped by Andrew Raycroft without a rebound.
9:33 of 3rd period - Nick Bonino wins face-off versus Anthony Nigro in Atomiques zone.
9:48 of 3rd period - Wrist shot by Nick Bonino.
9:48 of 3rd period - Stopped by Andrew Raycroft without a rebound.
9:49 of 3rd period - Joshua Bailey wins face-off versus Brandon Dubinsky in Atomiques zone.
9:58 of 3rd period - Wrist shot by Pavel Brendl.
9:58 of 3rd period - Stopped by Andrew Raycroft with a rebound.
10:00 of 3rd period - Slapshot by Matt Irwin.
10:00 of 3rd period - Deflect By Drayson Bowman.
10:00 of 3rd period - Shot Blocked by John Carlson.
10:00 of 3rd period - Puck is out of play.
10:01 of 3rd period - Brandon Dubinsky wins face-off versus Nick Bonino in Atomiques zone.
10:01 of 3rd period - Brandon Dubinsky is hit by Anton Stralman.
10:27 of 3rd period - Brad Winchester is hit by Drayson Bowman and loses puck.
10:32 of 3rd period - Wrist shot by Pavel Brendl.
10:32 of 3rd period - Stopped by Andrew Raycroft with a rebound.
10:34 of 3rd period - Snap shot by Joshua Bailey.
10:34 of 3rd period - Stopped by Andrew Raycroft without a rebound.
10:35 of 3rd period - Brandon Dubinsky wins face-off versus Joshua Bailey in Atomiques zone.
11:05 of 3rd period - Slapshot by Anton Stralman.
11:05 of 3rd period - Shot Misses the Net.
11:07 of 3rd period - Wrist shot by Chris Stewart.
11:07 of 3rd period - Stopped by Andrew Raycroft without a rebound.
11:08 of 3rd period - Nick Bonino wins face-off versus Drew Larman in Atomiques zone.
11:19 of 3rd period - Snap shot by Chris Stewart.
11:19 of 3rd period - Stopped by Andrew Raycroft with a rebound.
11:21 of 3rd period - Slapshot by Chris Stewart.
11:21 of 3rd period - Stopped by Andrew Raycroft without a rebound.
11:22 of 3rd period - Brandon Dubinsky wins face-off versus Nick Bonino in Atomiques zone.
11:47 of 3rd period - Snap shot by John Zeiler.
11:47 of 3rd period - Stopped by Thomas McCollum with a rebound.
11:55 of 3rd period - Snap shot by John Carlson.
11:55 of 3rd period - Stopped by Thomas McCollum without a rebound.
11:56 of 3rd period - Joshua Bailey wins face-off versus Brandon Dubinsky in High Goats zone.
12:01 of 3rd period - Backhand shot by Gord Baldwin.
12:01 of 3rd period - Deflect By Drayson Bowman.
12:01 of 3rd period - Goal by Drayson Bowman - Atomiques : 4 - High Goats : 3.
12:02 of 3rd period - Nick Bonino wins face-off versus Brandon Dubinsky in neutral zone.
12:21 of 3rd period - Alexandre Daigle is hit by Anton Stralman and loses puck.
12:39 of 3rd period - Anton Stralman is hit by Luke Schenn and loses puck.
12:51 of 3rd period - Off-side.
12:52 of 3rd period - Dana Tyrell wins face-off versus Brett Sutter in neutral zone.
12:55 of 3rd period - Kenndal McArdle is hit by Matt Taormina.
14:15 of 3rd period - Anton Stralman is hit by Luke Schenn and loses puck.
14:26 of 3rd period - Dana Tyrell is hit by Kenndal McArdle and loses puck.
14:31 of 3rd period - Wrist shot by John Zeiler.
14:31 of 3rd period - Shot Blocked by Dana Tyrell.
14:59 of 3rd period - Off-side.
15:00 of 3rd period - Drew Larman wins face-off versus Nick Bonino in neutral zone.
15:25 of 3rd period - Brad Winchester is hit by Pavel Brendl and loses puck.
15:44 of 3rd period - Brandon Bollig is hit by Linus Omark and loses puck.
15:51 of 3rd period - Brendon Nash is hit by Brandon Bollig and loses puck.
16:13 of 3rd period - Brett Sutter is hit by Derek Grant.
17:07 of 3rd period - Thomas Hickey is hit by Drew Larman and loses puck.
17:35 of 3rd period - Minor Penalty to Nick Bonino for Roughing.
17:36 of 3rd period - Pavel Brendl wins face-off versus Brandon Dubinsky in High Goats zone.
17:51 of 3rd period - Wrist shot by Pavel Brendl.
17:51 of 3rd period - Goal by Pavel Brendl - Atomiques : 4 - High Goats : 4.
17:52 of 3rd period - Brandon Dubinsky wins face-off versus Pavel Brendl in neutral zone.
18:05 of 3rd period - Wrist shot by Alexandre Daigle.
18:05 of 3rd period - Shot Misses the Net.
18:07 of 3rd period - Wrist shot by John Carlson.
18:07 of 3rd period - Deflect By Alexandre Daigle.
18:07 of 3rd period - Stopped by Thomas McCollum with a rebound.
19:35 of 3rd period - Penalty to Nick Bonino is over, Nick Bonino is back on ice.
19:51 of 3rd period - Wrist shot by Nick Bonino.
19:51 of 3rd period - Stopped by Andrew Raycroft with a rebound.
Goals for this period are 0 for Atomiques vs 2 for High Goats.
Shots for this period are 9 for Atomiques vs 12 for High Goats.
Overtime #1
0:01 of 1st overtime period - Brandon Dubinsky wins face-off versus Nick Bonino in neutral zone.
0:10 of 1st overtime period - Wrist shot by Alexandre Daigle.
0:10 of 1st overtime period - Goal by Alexandre Daigle - Atomiques : 5 - High Goats : 4.
Goals for this period are 1 for Atomiques vs 0 for High Goats.
Shots for this period are 1 for Atomiques vs 0 for High Goats.
Output by the SimonT Hockey Simulator (STHS) for François Prévost -- Original Page W3C XHTML 1.0 Valid